 Dungeon Sprint DCSS version 0.21-a0-421-gfc1ce30 (webtiles) character file.

9559 Kidiri the Martial Artist (level 11, -9/99 HPs)
             Began as a Grey Draconian Transmuter on Nov 4, 2017.
             Was the Champion of Wu Jian.
             Mangled by a dream sheep (10 damage)
             ... in the Dungeon (Sprint VII: "The Pits").
             The game lasted 00:12:00 (2307 turns).

Kidiri the Martial Artist (DrTm)                    Turns: 2307, Time: 00:12:00

Health: -9/99      AC: 12    Str: 16    XL:     11   Next: 24%
Magic:  21/23      EV: 17    Int: 17    God:    Wu Jian [******]
Gold:   18         SH:  0    Dex: 14    Spells: 12/27 levels left

rFire    . . .     SeeInvis .     - Unarmed
rCold    . . .     Gourm    .   (shield currently unavailable)
rNeg     . . .     Faith    .   (armour unavailable)
rPois    .         Spirit   .   (helmet restricted)
rElec    .         Reflect  .   (no cloak)
rCorr    .         Harm     .   (gloves currently unavailable)
MR       .....     NoTele   +   (no boots)
Stlth    ++++......             (no amulet)
HPRegen  0.26/turn              j - +3 ring of strength
MPRegen  0.18/turn              r - +3 ring of intelligence

@: exhausted, blade hands, slowed, very slow
A: walk through water, unfitting armour, hooves 2, horns 1, unbreathing,
cold-blooded, AC +12
a: End Transformation, Serpent's Lash, Heavenly Storm, Renounce Religion


You were in the Dungeon.
You worshipped Wu Jian.
Wu Jian was exalted by your worship.
You were very hungry.
You had blades for hands.
You visited 1 branch You collected 18 gold pieces.

Inventory:

Missiles
 a - 31 arrows
 q - 3 exploding tomahawks (quivered)
Jewellery
 j - a +3 ring of strength (left scythe-like blade)
 r - a +3 ring of intelligence (right scythe-like blade)
 y - an uncursed ring of protection from cold
 A - an uncursed ring of protection from cold
Scrolls
 i - 3 scrolls of blinking
 l - 4 scrolls of remove curse
 m - 5 scrolls of amnesia
 n - a scroll of summoning
 u - 2 scrolls of enchant armour
 v - 5 scrolls of recharging
 x - a scroll of fog
Potions
 d - 11 potions of curing
 e - 11 potions of heal wounds
 f - 2 potions of haste
 g - 4 potions of magic
 h - 5 potions of berserk rage
 k - 2 potions of invisibility
 s - a potion of agility
 t - a potion of brilliance
 z - 2 potions of might
Books
 b - a book of Changes

   Spells                             Type                      Level
   a - Beastly Appendage              Transmutation                1
   b - Sticks to Snakes               Transmutation                2
   c - Spider Form                    Transmutation/Poison         3
   d - Ice Form                       Ice/Transmutation            4
   e - Blade Hands                    Transmutation                5
Comestibles
 c - 7 bread rations
 o - 40 fruits
 p - 7 meat rations


   Skills:
 + Level 10.1 Fighting
 + Level 8.7 Dodging
 + Level 9.1 Stealth
 * Level 13.0 Unarmed Combat
 + Level 8.7 Spellcasting
 * Level 12.8 Transmutations
 + Level 8.2 Ice Magic
 + Level 8.2 Poison Magic


You had 12 spell levels left.
You knew the following spells:

 Your Spells              Type           Power        Failure   Level  Hunger
a - Beastly Appendage     Tmut           ######       5%          1    None
b - Sticks to Snakes      Tmut           ######..     6%          2    None
c - Spider Form           Tmut/Pois      #####.....   11%         3    #......
d - Ice Form              Ice/Tmut       #####...     17%         4    ###....
e - Blade Hands           Tmut           ######....   17%         5    #####..


Dungeon Overview and Level Annotations

Branches:
Dungeon (1/1)

Altars:
Ashenzari
Cheibriados
Dithmenos
Elyvilon
Fedhas
Gozag
Hepliaklqana
Kikubaaqudgha
Makhleb
Nemelex Xobeh
Okawaru
Qazlal
Ru
Sif Muna
Trog
Uskayaw
Vehumet
Wu Jian
Xom
Yredelemnul
Zin
The Shining One
Beogh
Jiyva
Lugonu

Annotations:
D exclusions: 2 doors and 2 more exclusions


Innate Abilities, Weirdness & Mutations

You can walk through water.
Your dull iron-grey scales are very hard. (AC +12)
You cannot fit into any form of body armour.
You can survive without breathing.
You are cold-blooded and may be slowed by cold attacks.
You have hoof-like feet.
You have a pair of small horns on your head.


Message History

You shred the dream sheep!!!
You kill the dream sheep!
The Council accepts your kill.
Your Unarmed Combat skill increases to level 13!
Swooosh!
ZOOOM!
You see here a dream sheep corpse.
Unknown command.
You spin and attack the dream sheep repeatedly.
You hit the dream sheep. You headbutt the dream sheep.
You tail-slap the dream sheep.
The dream sheep is heavily wounded.
You hit the dream sheep.
You kick the dream sheep, but do no damage.
You tail-slap the dream sheep.
The dream sheep is severely wounded.
The dream sheep bites you.
* * * LOW HITPOINT WARNING * * *
The dream sheep bites you!
You die...

####++########## ...........##..#
.#..#......##..# ...........''..#
...........''..##########
.#..#......##..§†Y.......
...........##..§@........
####++################### ..##++#
######## ##### ######## ..##..#
##......###...####..+....
..##..###..#+#.........##...##...
..##..##..##.##.....#...#..##....
..##..##.##...##.).###..#.##.....
..##..####.....##.##)##.###......
..##...##......#...#.#...#..)....


You could see a dream sheep.

Vanquished Creatures
  Sonja (D)
  A swamp dragon (D)
  A deep elf mage (D)
  A manticore (D)
  A smoke demon (D)
  2 orange demons (D)
  A gargoyle (D)
  2 rime drakes (D)
  2 freezing wraiths (D)
  A kobold demonologist (D)
  A jumping spider (D)
  Prince Ribbit (D)
  A hornet (D)
  15 dream sheep (D)
  A bog body (D)
  An air elemental (D)
  A ynoxinul (D)
  2 wyverns (D)
  3 fire bats (D)
  2 vampire mosquitoes (D)
  A fire elemental (D)
  2 floating eyes (D)
  Purgy (D)
  A phantom (D)
  A necrophage (D)
  5 wolves (D)
  A centaur (D)
  3 killer bees (D)
  A crimson imp (D)
  2 iron imps (D)
  A hell rat (D)
  2 gnolls (D)
  3 adders (D)
  2 river rats (D)
  A white imp (D)
  An ufetubus (D)
  An adder skeleton (D)
  An orc (D)
  A giant cockroach (D)
  A goblin (D)
  4 jackals (D)
  2 ball pythons (D)
  A jackal skeleton (D)
  A leopard gecko zombie (D)
81 creatures vanquished.

Vanquished Creatures (others)
  A spriggan (D)
  An orc (D)
  A quokka (D)
3 creatures vanquished.

Grand Total: 84 creatures vanquished

Notes
Turn   | Place    | Note
-------+----------+-------------------------------------------
     0 | D        | Kidiri the Draconian Transmuter began the quest for the Orb.
     0 | D        | Reached XP level 1. HP: 16/16 MP: 3/3
    51 | D        | Found a bloodstained altar of Trog.
    51 | D        | Found a deep blue altar of Sif Muna.
    51 | D        | Found a viscous altar of Jiyva.
    51 | D        | Found a hazy altar of Hepliaklqana.
    51 | D        | Found an opulent altar of Gozag.
    52 | D        | Found a glowing golden altar of the Shining One.
    52 | D        | Found a glowing silver altar of Zin.
    52 | D        | Found a basalt altar of Yredelemnul.
    52 | D        | Found a shimmering altar of Xom.
    52 | D        | Found an ornate altar of the Wu Jian Council.
    52 | D        | Found a sacrificial altar of Ru.
    52 | D        | Found a stormy altar of Qazlal.
    52 | D        | Found an iron altar of Okawaru.
    52 | D        | Found a sparkling altar of Nemelex Xobeh.
    52 | D        | Found a burning altar of Makhleb.
    52 | D        | Found a blossoming altar of Fedhas.
    52 | D        | Found a white marble altar of Elyvilon.
    52 | D        | Found a shadowy altar of Dithmenos.
    52 | D        | Found a snail-covered altar of Cheibriados.
    54 | D        | Found a radiant altar of Vehumet.
    54 | D        | Found a corrupted altar of Lugonu.
    54 | D        | Found a roughly hewn altar of Beogh.
    55 | D        | Found a hide-covered altar of Uskayaw.
    55 | D        | Found an ancient bone altar of Kikubaaqudgha.
    55 | D        | Found a shattered altar of Ashenzari.
    61 | D        | Became a worshipper of the Wu Jian Council
    90 | D        | Reached * piety under Wu Jian
    91 | D        | Reached skill level 1 in Stealth
   213 | D        | Noticed a floating eye
   213 | D        | Noticed a floating eye
   218 | D        | Killed a floating eye
   218 | D        | Reached skill level 5 in Unarmed Combat
   218 | D        | Reached skill level 5 in Transmutations
   218 | D        | Reached XP level 2. HP: 26/26 MP: 3/6
   218 | D        | Reached XP level 3. HP: 31/31 MP: 3/7
   218 | D        | Reached XP level 4. HP: 38/38 MP: 3/9
   218 | D        | Paralysed by a floating eye for 3 turns
   224 | D        | Killed a floating eye
   224 | D        | Reached ** piety under Wu Jian
   224 | D        | Reached skill level 6 in Unarmed Combat
   224 | D        | Reached XP level 5. HP: 47/47 MP: 4/11
   231 | D        | Learned a level 2 spell: Sticks to Snakes
   235 | D        | Learned a level 3 spell: Spider Form
   240 | D        | Learned a level 4 spell: Ice Form
   344 | D        | Reached *** piety under Wu Jian
   445 | D        | Noticed Purgy
   446 | D        | Noticed a necrophage
   446 | D        | Noticed a phantom
   450 | D        | Killed Purgy
   450 | D        | Reached skill level 7 in Unarmed Combat
   450 | D        | Reached skill level 1 in Ice Magic
   450 | D        | Reached skill level 1 in Poison Magic
   450 | D        | Reached XP level 6. HP: 51/55 MP: 7/12
   453 | D        | Reached **** piety under Wu Jian
   453 | D        | Reached skill level 5 in Fighting
   570 | D        | Your scales start taking on a dull iron-grey colour.
   570 | D        | Reached XP level 7. HP: 61/61 MP: 9/14
   570 | D        | Gained mutation: You can survive without breathing. [Grey Draconian growth]
   580 | D        | Learned a level 5 spell: Blade Hands
   609 | D        | Noticed a fire bat
   609 | D        | Noticed a fire bat
   610 | D        | Reached ***** piety under Wu Jian
   611 | D        | Reached skill level 5 in Spellcasting
   616 | D        | Killed a fire bat
   616 | D        | Reached skill level 5 in Dodging
   616 | D        | Reached skill level 5 in Stealth
   616 | D        | Reached skill level 8 in Unarmed Combat
   618 | D        | Killed a fire bat
   670 | D        | Noticed a vampire mosquito
   670 | D        | Noticed a vampire mosquito
   672 | D        | Killed a vampire mosquito
   673 | D        | Reached XP level 8. HP: 61/71 MP: 10/16
   673 | D        | Reached skill level 9 in Unarmed Combat
   786 | D        | Reached ****** piety under Wu Jian
   966 | D        | Noticed a dream sheep
   966 | D        | Noticed a dream sheep
   966 | D        | Noticed a dream sheep
   966 | D        | Noticed a dream sheep
   966 | D        | Noticed a freezing wraith
   970 | D        | Killed a dream sheep
   974 | D        | Killed a freezing wraith
   975 | D        | Reached skill level 5 in Ice Magic
   975 | D        | Reached skill level 5 in Poison Magic
   976 | D        | Reached skill level 10 in Unarmed Combat
   976 | D        | Reached XP level 9. HP: 57/79 MP: 12/18
   979 | D        | Reached skill level 10 in Transmutations
  1125 | D        | Noticed a swamp dragon
  1131 | D        | Noticed a manticore
  1139 | D        | Killed a swamp dragon
  1140 | D        | Killed a manticore
  1141 | D        | Reached skill level 11 in Unarmed Combat
  1149 | D        | Reached XP level 10. HP: 38/90 MP: 8/21
  1395 | D        | Noticed a deep elf mage
  1414 | D        | Killed a deep elf mage
  1423 | D        | Noticed an orange demon
  1427 | D        | Killed an orange demon
  1657 | D        | Noticed Sonja
  1659 | D        | Killed Sonja
  1659 | D        | Reached skill level 12 in Unarmed Combat
  1730 | D        | Noticed an orange demon
  1730 | D        | Noticed Prince Ribbit
  1730 | D        | Noticed a gargoyle
  1731 | D        | Noticed a smoke demon
  1735 | D        | Killed Prince Ribbit
  1748 | D        | Killed an orange demon
  1750 | D        | Killed a smoke demon
  1751 | D        | Killed a gargoyle
  1751 | D        | Reached XP level 11. HP: 36/99 MP: 16/23
  1753 | D        | Noticed a soul eater
  2174 | D        | Gained mutation: You have large cloven feet. [potion of mutation]
  2174 | D        | Gained mutation: You have a pair of small horns on your head. [potion of mutation]
  2174 | D        | Gained mutation: You have hoof-like feet. [potion of mutation]
  2303 | D        | Reached skill level 10 in Fighting
  2307 | D        | Reached skill level 13 in Unarmed Combat
  2307 | D        | HP: 1/99 [dream sheep (6)]
  2307 | D        | Mangled by a dream sheep

Vault maps used:
D:        pitsprint

Skill      XL: |  1  2  3  4  5  6  7  8  9 10 11 |
---------------+----------------------------------+-----
Dodging        | 3 4 5 6 7 8 |  8.7
Stealth        | 2 3 4 5 6 7 8 9 |  9.1
Fighting       | 3 4 5 6 7 8 9 10 | 10.1
Unarmed Combat | 5 6 7 8 10 11 12 13 | 13.0
Spellcasting   | 3 4 5 6 7 8 |  8.7
Transmutations | 5 6 7 8 9 11 12 | 12.8
Ice Magic      | 1 2 3 5 6 7 8 |  8.2
Poison Magic   | 1 2 3 5 6 7 8 |  8.2

Action                   |  1- 3 |  4- 6 |  7- 9 | 10-12 || total
-------------------------+-------+-------+-------+-------++-------
Melee: Unarmed           |    19 |    35 |    59 |    74 ||   187
       Tailslap          |     6 |     1 |     2 |     6 ||    15
       Kick              |     2 |       |       |     5 ||     7
       Punch             |     1 |       |       |     3 ||     4
       Headbutt          |       |     1 |       |     3 ||     4
 Cast: Beastly Appendage |     3 |       |       |       ||     3
       Ice Form          |       |     2 |       |       ||     2
       Spider Form       |       |     1 |       |       ||     1
       Blade Hands       |       |       |     7 |     7 ||    14
Invok: Heavenly Storm    |       |       |     2 |     2 ||     4
       Serpent's Lash    |       |       |       |     2 ||     2
  Use: Potion            |       |       |       |     6 ||     6
 Stab: Distracted        |       |     1 |       |       ||     1
       Sleeping          |       |     1 |     3 |     3 ||     7
  Eat: Bread ration      |       |       |     1 |       ||     1
       Chunk             |       |       |       |     4 ||     4
Armor: Skin              |     3 |     7 |    16 |    24 ||    50
Dodge: Dodged            |     5 |    19 |    37 |    64 ||   125

Table legend:
 A = Spawn XP
 B = Non-spawn XP
 C = Spawn XP percentage of total XP
 D = Spawn monster count
 E = Non-spawn monster count
 F = Spawn count percentage of total count
 G = Total turns spent on level
                    A         B        C        D         E        F      G
               +---------+---------+-------+---------+---------+-------+---------
         Total |       0 |   13657 |   0.0 |       0 |      81 |   0.0 |  2307
               +---------+---------+-------+---------+---------+-------+---------
             D |       0 |   13657 |   0.0 |       0 |      81 |   0.0 |  2307
               +---------+---------+-------+---------+---------+-------+---------
